 Dungeon Crawl Stone Soup version 0.19.0-2-gae57169 (webtiles) character file.

4907 asthiss the Basher (level 10, -5/77 HPs)
             Began as a Human Berserker on Nov 4, 2016.
             Was a High Priest of Trog.
             Slain by an eight-headed hydra (12 damage)
             ... on level 1 of the Lair of Beasts on Nov 6, 2016.
             The game lasted 00:48:54 (8598 turns).

asthiss the Basher (Human Berserker)                Turns: 8598, Time: 00:48:55

Health: -5/77      AC: 15    Str: 21    XL:     10   Next: 80%
Magic:  9/9        EV: 10    Int: 13    God:    Trog [*****.]
Gold:   257        SH: 12    Dex: 13    Spells: 0 memorised, 9 levels left

rFire  . . .     SeeInvis +     x - +3 flail (freeze)
rCold  . . .     Gourm    .     p - +2 chain mail {MR+}
rNeg   . . .     Faith    .     v - +2 shield of Joaxest {-Tele *Drain MR+++ SInv}
rPois  .         Spirit   .     (helmet restricted)
rElec  .         Reflect  .     q - +2 cloak
rCorr  .         Harm     .     (no gloves)
MR     +++++     NoTele   +     (no boots)
Stlth  ..........               (no amulet)
                                g - +6 ring of intelligence
                                n - ring of protection from magic

@: no status effects
A: horns 1, repulsion field 1, low mp 1
a: Berserk, Trog's Hand, Brothers in Arms, Burn Spellbooks, Renounce Religion


You were on level 1 of the Lair of Beasts.
You worshipped Trog.
Trog was extremely pleased with you.
You were not hungry.

You visited 2 branches of the dungeon, and saw 9 of its levels.

You collected 564 gold pieces.
You spent 307 gold pieces at shops.

Inventory:

Hand Weapons
 e - a +0 morningstar
 w - the +11 dire flail "Fotraunk" {crush, rF++ Str+4}
   (Trog gifted it to you on level 1 of the Lair of Beasts)

   It inflicts extra damage upon your enemies.
   It affects your strength (+4).
   It greatly protects you from fire.
 x - a +3 flail of freezing (weapon)
Armour
 p - a +2 chain mail of magic resistance (worn)
 q - a +2 cloak (worn)
 v - the +2 shield of Joaxest (worn) {-Tele *Drain MR+++ SInv}
   (You found it on level 5 of the Dungeon)

   It affects your resistance to hostile enchantments.
   It lets you see invisible.
   It prevents most forms of teleportation.
   It causes draining when unequipped.
Jewellery
 g - a +6 ring of intelligence (right hand)
 n - a ring of protection from magic (left hand)
Scrolls
 b - 3 scrolls of fog
 k - 4 scrolls of teleportation
 s - 3 scrolls of remove curse
 y - a scroll of identify
 A - a scroll of holy word
Potions
 a - a potion of haste
 h - a potion of cure mutation
 j - 2 potions of magic
 o - a potion of curing
 t - a potion of flight
Comestibles
 c - 9 bread rations
 d - 3 beef jerkies
 f - 5 meat rations
 i - 12 royal jellies
 m - a fruit
 u - 3 slices of pizza


   Skills:
 + Level 6.6 Fighting
 + Level 10.6 Maces & Flails
 + Level 6.5 Armour
 + Level 4.8 Dodging
 + Level 1.9 Stealth
 + Level 5.1 Shields


You had 9 spell levels left.
You didn't know any spells.

Dungeon Overview and Level Annotations

Branches:
Dungeon (8/15)             Temple (0/1) D:7            Lair (1/6) D:8

Altars:
Elyvilon
Fedhas
Nemelex Xobeh
Qazlal
Vehumet
The Shining One

Shops:
D:7 %:%


Innate Abilities, Weirdness & Mutations

You have a pair of small horns on your head.
You are surrounded by a mild repulsion field. (EV +2)
Your magical capacity is low. (-10% MP)


Message History

The eight-headed hydra bites you.
* * * LOW HITPOINT WARNING * * *
You block the eight-headed hydra's attack.
The eight-headed hydra barely misses you.
The eight-headed hydra bites you.
* * * LOW HITPOINT WARNING * * *
The eight-headed hydra bites you.
* * * LOW HITPOINT WARNING * * *
Things that are here:
a wand of paralysis; a wand of random effects; a +0 flail of protection The eight-headed hydra bites you but does no damage. x2
The eight-headed hydra closely misses you.
The eight-headed hydra bites you!
* * * LOW HITPOINT WARNING * * *
The eight-headed hydra bites you.
* * * LOW HITPOINT WARNING * * *
The eight-headed hydra bites you.
* * * LOW HITPOINT WARNING * * *
The eight-headed hydra bites you!
You die...

♣..........♣ #.###..#
♣..........♣ ♣.###..#
♣..######..♣ #...#..###..
♣..#⌠...#..♣♣##.##.......#
♣..'....#...../.##........
♣..'..<.#.................
♣..'....#......###..###.##
♣..#⌠...#.D♣♣#..#.#.# ##
♣..######@.♣ ♣..>#.#.
♣..........♣ ♣#.#.# .
♣..........♣ .......
♣♣♣♣♣♣♣♣♣♣♣♣ .P#.#


You could see an eight-headed hydra.

Vanquished Creatures
  Psyche (D:8)
  A centaur zombie (D:7)
  2 komodo dragons (Lair:1)
  Sigmund (D:4)
  A wyvern (D:8)
  Menkaure (D:4)
  Edmund (D:4)
  2 hell hounds (D:8)
  Duvessa (D:4)
  2 orc warriors
  2 phantoms (D:4)
  An eye of draining (D:8)
  An ogre (D:7)
  A centaur (D:7)
  A crocodile (Lair:1)
  A big kobold (D:8)
  4 bullfrogs
  5 scorpions
  Dowan (D:4)
  7 wights (D:7)
  2 howler monkeys
  A crimson imp (D:6)
  A bullfrog zombie (D:7)
  5 jellies
  8 hounds
  3 orc priests
  A centaur skeleton (D:4)
  2 orc wizards
  2 bullfrog skeletons (D:6)
  3 iguanas
  4 worker ants
  2 worker ant zombies (D:8)
  16 adders
  A river rat (D:4)
  2 shadow imps
  6 oozes
  3 worms
  3 dart slugs
  4 leopard geckos
  32 orcs
  6 giant cockroaches
  7 goblins
  5 hobgoblins
  9 jackals
  7 quokkas
  3 ball pythons
  A ball python zombie (D:5)
  6 bats
  4 frilled lizards
  11 kobolds
  2 leopard gecko skeletons
  A quokka skeleton (D:4)
  8 rats
208 creatures vanquished.

Notes
Turn   | Place    | Note
-------+----------+-------------------------------------------
     0 | D:1      | asthiss the Human Berserker began the quest for the Orb.
     0 | D:1      | Reached XP level 1. HP: 18/18 MP: 1/1
   143 | D:1      | Reached XP level 2. HP: 24/24 MP: 2/2
   582 | D:1      | Reached XP level 3. HP: 23/29 MP: 3/3
   966 | D:2      | Reached skill level 4 in Maces & Flails
   971 | D:2      | Reached XP level 4. HP: 11/35 MP: 4/4
   987 | D:2      | Reached ** piety under Trog
  1252 | D:2      | Gained mutation: You have a pair of small horns on your head. [potion of mutation]
  1252 | D:2      | Gained mutation: You are surrounded by a mild repulsion field. (EV +2) [potion of mutation]
  1252 | D:2      | Gained mutation: Your magical capacity is low. (-10% MP) [potion of mutation]
  1680 | D:2      | Reached XP level 5. HP: 41/41 MP: 4/4
  2500 | D:3      | Reached *** piety under Trog
  2639 | D:4      | Reached skill level 5 in Maces & Flails
  2639 | D:4      | Reached XP level 6. HP: 48/48 MP: 5/5
  2698 | D:4      | Found a glowing drain.
  2769 | D:4      | Noticed Menkaure
  2779 | D:4      | Killed Menkaure
  2779 | D:4      | Reached XP level 7. HP: 14/53 MP: 6/6
  3032 | D:4      | Noticed Sigmund
  3046 | D:4      | Killed Sigmund
  3046 | D:4      | Reached skill level 6 in Maces & Flails
  3046 | D:4      | Reached skill level 1 in Stealth
  3254 | D:4      | Noticed Edmund
  3280 | D:4      | Killed Edmund
  3461 | D:4      | Paralysed by fainting for 10 turns
  3473 | D:4      | Paralysed by fainting for 5 turns
  3492 | D:4      | Reached XP level 8. HP: 60/61 MP: 7/7
  3561 | D:4      | Reached skill level 7 in Maces & Flails
  3893 | D:4      | Noticed Dowan
  3907 | D:4      | Killed Dowan
  3931 | D:4      | Reached skill level 5 in Fighting
  3986 | D:4      | Noticed Duvessa
  4001 | D:4      | Killed Duvessa
  4085 | D:5      | Entered Level 5 of the Dungeon
  4210 | D:5      | Found a white marble altar of Elyvilon.
  4337 | D:5      | Reached skill level 8 in Maces & Flails
  4342 | D:5      | Got a smoking shield
  4348 | D:5      | Identified the +2 shield of Joaxest {-Tele *Drain MR+++ SInv} (You found it on level 5 of the Dungeon)
  4362 | D:5      | Reached **** piety under Trog
  4599 | D:5      | Reached XP level 9. HP: 67/68 MP: 8/8
  5114 | D:6      | Reached skill level 1 in Shields
  5410 | D:6      | Reached skill level 5 in Armour
  5732 | D:7      | Found Bucylic's Book Shoppe.
  6114 | D:7      | Reached skill level 9 in Maces & Flails
  6431 | D:7      | Reached ***** piety under Trog
  6437 | D:7      | Reached XP level 10. HP: 69/76 MP: 9/9
  6450 | D:7      | Found Hotzax's Food Emporium.
  6454 | D:7      | Bought a bread ration for 55 gold pieces
  6454 | D:7      | Bought a meat ration for 55 gold pieces
  6454 | D:7      | Bought a bread ration for 55 gold pieces
  6454 | D:7      | Bought a bread ration for 55 gold pieces
  6454 | D:7      | Bought a bread ration for 55 gold pieces
  6454 | D:7      | Bought a beef jerky for 16 gold pieces
  6454 | D:7      | Bought a beef jerky for 16 gold pieces
  6472 | D:7      | Found a staircase to the Ecumenical Temple.
  6474 | D:7      | Found Qucy's Food Shop.
  7341 | D:8      | Noticed Psyche
  7355 | D:8      | Reached skill level 10 in Maces & Flails
  7363 | D:8      | Killed Psyche
  7431 | D:8      | Found a staircase to the Lair.
  7880 | D:8      | Reached skill level 5 in Shields
  7885 | D:8      | Found a radiant altar of Vehumet.
  7891 | D:8      | Found a blossoming altar of Fedhas.
  7892 | D:8      | Found a stormy altar of Qazlal.
  7904 | D:8      | Found a glowing golden altar of the Shining One.
  7908 | D:8      | Found a sparkling altar of Nemelex Xobeh.
  8191 | Lair:1   | Entered Level 1 of the Lair of Beasts
  8222 | Lair:1   | Received a gift from Trog
  8223 | Lair:1   | Got a fine dire flail {god gift}
  8224 | Lair:1   | Identified the +11 dire flail "Fotraunk" {crush, rF++ Str+4} (Trog gifted it to you on level 1 of the Lair of Beasts)
  8248 | Lair:1   | Noticed a komodo dragon
  8259 | Lair:1   | Killed a komodo dragon
  8292 | Lair:1   | Noticed a komodo dragon
  8306 | Lair:1   | Killed a komodo dragon
  8538 | Lair:1   | Noticed an eight-headed hydra
  8598 | Lair:1   | Slain by an eight-headed hydra

Skill      XL: |  1  2  3  4  5  6  7  8  9 10 |
---------------+-------------------------------+-----
Maces & Flails | 4 5 6 8 9 10 | 10.6
Dodging        | 3 4 |  4.8
Armour         | 3 4 5 6 |  6.5
Fighting       | 4 5 6 |  6.6
Stealth        | 1 |  1.9
Shields        | 3 5 |  5.1

Action                   |  1- 3 |  4- 6 |  7- 9 | 10-12 || total
-------------------------+-------+-------+-------+-------++-------
Melee: Mace              |    69 |   136 |       |       ||   205
       Headbutt          |       |    20 |    81 |    27 ||   128
       Morningstar       |       |    24 |    32 |       ||    56
       Flail             |       |       |   425 |   167 ||   592
Invok: Berserk           |       |     1 |     1 |       ||     2
  Use: Scroll            |     3 |     7 |     5 |     2 ||    17
       Potion            |     1 |     2 |     9 |     3 ||    15
  Eat: Chunk             |       |     6 |     8 |     4 ||    18
       Meat ration       |       |       |     1 |       ||     1
       Beef jerky        |       |       |     1 |       ||     1
       Bread ration      |       |       |       |     1 ||     1
Armor: Ring mail         |    32 |    77 |     5 |       ||   114
       Chain mail        |       |       |   229 |    42 ||   271
Dodge: Dodged            |    62 |   170 |   216 |    40 ||   488
Block: Shield            |       |       |   143 |    77 ||   220
